 Dungeon Crawl Stone Soup version 0.28-a0-1235-g7c8fac35f0 (webtiles) character file.

Game seed: 4065236460605963655

69 Zonian the Insei (level 4, -2/33 HPs)
             Began as a Merfolk Transmuter on Dec 24, 2021.
             Killed by nerve-wracking pain
             ... invoked by an orc priest
              (14 damage)
             ... on level 2 of the Dungeon.
             The game lasted 00:04:34 (3500 turns).

Zonian the Insei (Merfolk Transmuter)               Turns: 3500, Time: 00:04:35

Health: -2/33      AC:  2    Str: 10    XL:     4   Next: 20%
Magic:  16/16      EV: 13    Int: 14    God:
Gold:   155        SH:  0    Dex: 14    Spells: 7/8 levels left

rFire   . . .      SeeInvis .   j - +2 mace (vorpal)
rCold   . . .      Faith    .   (no shield)
rNeg    . . .      Spirit   .   a - +0 robe
rPois   .          Reflect  .   (helmet currently unavailable)
rElec   .          Harm     .   (no cloak)
rCorr   .          Rampage  .   (no gloves)
Will    .....                   (boots currently unavailable)
Stlth   +.........              k - amulet of the acrobat
HPRegen 0.11/turn               f - ring of magical power
MPRegen 0.15/turn               (no ring)

@: appendages (expiring)
A: horns 2, (nimble swimmer 2), mertail
a: End Transformation


You were on level 2 of the Dungeon.
You had temporarily grown beastly horns.
You visited 1 branch of the dungeon, and saw 3 of its levels.

You collected 155 gold pieces.

Inventory:

Hand Weapons
 d - a +0 dagger of holy wrath
 j - a +2 vorpal mace (weapon)
Missiles
 b - 26 sling bullets
Armour
 a - a +0 robe (worn)
 c - a scarf of harm
Jewellery
 f - a ring of magical power (left hand)
 k - an amulet of the acrobat (around neck)
Wands
 i - a wand of iceblast (9)
Scrolls
 e - a scroll of identify
 g - a scroll of fog {unknown}
 l - a scroll of enchant weapon {unknown}
Potions
 h - 2 potions of flight


   Skills:
 + Level 2.1 Fighting
 + Level 3.4 Dodging
 + Level 3.8 Unarmed Combat
 + Level 2.5 Spellcasting
 + Level 3.5 Transmutations


You had 7 spell levels left.
You knew the following spells:

 Your Spells              Type           Power      Damage    Failure   Level
a - Beastly Appendage     Tmut           22%        N/A       5%          1

Your spell library contained the following spells:

 Spells                   Type           Power      Damage    Failure   Level
 Wereblood                Tmut           11%        N/A       8%          2
 Freeze                   Ice            4%         1d3       22%         1
 Spider Form              Tmut/Pois      6%         N/A       32%         3
 Blink                    Tloc           2%         N/A       34%         2
 Frozen Ramparts          Ice            2%         1d2       56%         3
 Ice Form                 Ice/Tmut       6%         N/A       73%         4
 Hailstorm                Conj/Ice       1%         3d3       92%         4
 Manifold Assault         Tloc           1%         N/A       99%         5
 Storm Form               Tmut/Air       3%         N/A       100%        7


Dungeon Overview and Level Annotations

Branches:
Dungeon (3/15)

Altars:

Annotations:
D:3 Pargi


Innate Abilities, Weirdness & Mutations

You have temporarily grown beastly horns.
((You are very nimble when in or above water. (Stealth+, EV+, Speed+++)))
Your lower body shifts to a powerful aquatic tail in water.


Message History

There is an open door here.
There is an open door here.
As you open the door, it creaks loudly!
There is an open door here.
There is a stone staircase leading down here.
You climb downwards.
Level annotation: Pargi
Found a pair of glowing boots.
There is a stone staircase leading up here.
Unknown command.
The orc shouts! x2; The kobold shouts!
The orc shouts!
The orc wizard shouts!
Unknown command.
The orc priest barely misses you.
You climb upwards.
There is a stone staircase leading down here.
Unknown command.
You grow a pair of large bovine horns.
The orc priest completely misses you.
Unknown command.
You barely miss the orc priest. The orc priest hits you with a +0 mace.
You hit the orc priest but do no damage.
The orc priest closely misses you. The orc priest barely misses you.
You barely miss the orc priest.
The orc priest calls down the wrath of Beogh upon you.
Pain shoots through your body!
You hit the orc priest.
The orc priest is moderately wounded.
The orc priest invokes the aid of Beogh against you.
Pain shoots through your body! The orc priest hits you with a +0 mace.
You closely miss the orc priest. Your headbutt misses the orc priest.
The orc priest is moderately wounded.
Your transformation is almost over.
The orc priest closely misses you.
You hit the orc priest but do no damage.
The orc priest is moderately wounded.
The orc priest hits you with a +0 mace.
You barely miss the orc priest.
The orc priest is moderately wounded.
The orc priest invokes the aid of Beogh against you.
Pain shoots through your body!
You die...

###.##.## ##.......##
##.##.# #.#### ##.....##
####.# #.# ##...## #.#
#.##### ##'############.#
#.....# #.# #..........#
#####.# #.###.#######..#
#.# ##.........# #..# #.#
##...##.###.###..# #.#
#.@...#.# #......# ##.##
#o.#..#.#######.##
#.#.#####.###.#.........#
##.........#..###########
#########...## #####


You could see an orc priest.

Vanquished Creatures
  An iguana (D:2)
  An adder (D:3)
  2 dart slugs (D:3)
  An orc (D:3)
  3 endoplasms
  2 giant cockroaches (D:1)
  2 hobgoblins
  A kobold (D:1)
  2 quokkas (D:3)
  4 ball pythons
  A bat (D:1)
  3 frilled lizards
  4 goblins
  4 rats
31 creatures vanquished.

Notes
Turn   | Place    | Note
-------+----------+-------------------------------------------
     0 | D:1      | Zonian the Merfolk Transmuter began the quest for the Orb.
     0 | D:1      | Reached XP level 1. HP: 15/15 MP: 3/3
   851 | D:1      | Found a faded altar of an unknown god.
   873 | D:1      | Reached XP level 2. HP: 18/21 MP: 5/5
  2237 | D:2      | Reached XP level 3. HP: 18/27 MP: 6/6
  2647 | D:3      | Noticed Pargi
  3135 | D:3      | Reached XP level 4. HP: 31/33 MP: 7/7
  3500 | D:2      | Killed from afar by an orc priest

Illustrated notes

Levels and vault maps discovered:
D:1:      dpeg_arrival_simpleton_b, layout_basic,
          hellmonk_ecumenical_altar_lost_god, fountainhead,
          minmay_misc_feat_four_crosses
D:2:      layout_loops_corners, grunt_decor_junction
D:3:      layout_loops_cross, minmay_misc_feat_chi, uniq_pargi

Skill      XL: |  1  2  3 |
---------------+----------+-----
Transmutations | 3 |  3.5
Dodging        | 3 |  3.4
Fighting       | 2 |  2.1
Unarmed Combat | |  3.8
Spellcasting   | |  2.5

Action                   |  1- 3 |  4- 6 || total
-------------------------+-------+-------++-------
Melee: Unarmed           |    46 |       ||    46
       Headbutt          |    12 |     1 ||    13
       Mace              |    22 |    19 ||    41
 Cast: Beastly Appendage |    19 |     8 ||    27
Evoke: Wand              |     2 |       ||     2
  Use: Scroll            |     2 |     1 ||     3
       Potion            |     1 |       ||     1
 Stab: Sleeping          |     2 |     1 ||     3
Armor: Robe              |    11 |     2 ||    13
Dodge: Dodged            |    37 |    21 ||    58

Table legend: (Time is in decaauts)
 A = Elapsed time spent in this place.
 B = Non-inter-level travel time spent in this place.
 C = Inter-level travel time spent in this place.
 D = Time resting spent in this place.
 E = Time spent auto-exploring this place.
 F = Levels seen in this place.
 G = Mean time per level.
                   A        B        C        D        E       F      G
               +--------+--------+--------+--------+--------+-----+--------+
         Total |   3511 |   3338 |    173 |   1081 |   1809 |   3 | 1170.3 |
       Dungeon |   3511 |   3338 |    173 |   1081 |   1809 |   3 | 1170.3 |
               +--------+--------+--------+--------+--------+-----+--------+

Top non-repeatable levels by time:
     D:2: 1783 daAuts
     D:1: 1281 daAuts
     D:3: 446 daAuts
